 Dungeon Crawl Stone Soup version 0.23.1-37-gaa34b87 (webtiles) character file.

Game seed: 5960198978901725874

11672 Irenicus the Geomancer (level 11, -2/81 HPs)
             Began as a Deep Dwarf Earth Elementalist on Mar 22, 2019.
             Was an Elder of Makhleb.
             Slain by a polar bear (9 damage)
             ... on level 11 of the Dungeon.
             The game lasted 00:45:07 (5452 turns).

Irenicus the Geomancer (DDEE)                       Turns: 5452, Time: 00:45:07

Health: -2/81      AC:  6    Str: 11    XL:     11   Next: 52%
Magic:  2/20       EV: 12    Int: 20    God:    Makhleb [****..]
Gold:   664        SH:  0    Dex: 13    Spells: 8/23 levels left

rFire    + . .     SeeInvis .   k - +2 dagger (elec)
rCold    . . .     Gourm    .   (no shield)
rNeg     . . .     Faith    .   e - +0 leather armour
rPois    .         Spirit   .   N - +2 helmet
rElec    .         Reflect  .   s - scarf {cloud immunity}
rCorr    .         Harm     .   M - -1 pair of gloves (curse)
MR       +....                  (no boots)
Stlth    ++++++....             H - amulet of magic regeneration
HPRegen  0.00/turn              q - ring of protection from fire {rF+, !d}
MPRegen  0.42/turn              w - ring of stealth {Stlth+}

@: non-regenerating, studying Shields
A: damage resistance, heal wounds, sense surroundings 2, no regeneration
a: Heal Wounds, Minor Destruction, Lesser Servant of Makhleb, Major Destruction,
Renounce Religion


You were on level 11 of the Dungeon.
You worshipped Makhleb.
Makhleb was greatly pleased with you.
You were near starving.

You visited 2 branches of the dungeon, and saw 12 of its levels.
You also visited: Sewer and Bailey.

You collected 664 gold pieces.

Inventory:

Hand Weapons
 j - a +4 short sword
   (You found it on level 1 of the Dungeon)
 k - a +2 dagger of electrocution (weapon)
   (You took it off a goblin on level 2 of the Dungeon)
 G - the +9 falchion of the Mosquito {flame, rPois Dex+2}
   (You found it on level 10 of the Dungeon)

   It has been specially enchanted to burn those struck by it, causing extra
   injury to most foes and up to half again as much damage against particularly
   susceptible opponents.
   Big, fiery blades are also staple armaments of hydra-hunters.
   It affects your dexterity (+2).
   It protects you from poison.
 R - a +0 executioner's axe of freezing
   (You found it in a bailey)
Missiles
 b - 171 stones (quivered)
Armour
 e - a +0 leather armour (worn)
   (You found it on level 1 of the Dungeon)
 o - a +0 ring mail
   (You found it on level 2 of the Dungeon)
 s - a scarf of cloud immunity (worn)
   (You found it on level 3 of the Dungeon)
 z - a +1 hat of magic resistance
   (You took it off Gastronok on level 8 of the Dungeon)
 M - a cursed -1 pair of gloves (worn)
   (You found it on level 10 of the Dungeon)
 N - a +2 helmet (worn)
   (You found it on level 10 of the Dungeon)
 Q - a cursed +0 crystal plate armour
   (You took it off an orc knight in a bailey)
Magical Staves
 p - an uncursed staff of poison {rPois}
   (You found it on level 3 of the Dungeon)
 I - an uncursed staff of cold {rC+}
   (You took it off Fannar on level 10 of the Dungeon)
Jewellery
 q - a ring of protection from fire (left hand) {rF+, !d}
   (You found it on level 3 of the Dungeon)
 r - an uncursed ring of flight {+Fly, !d}
   (You found it on level 4 of the Dungeon)
 u - an uncursed ring of fire {rF+, rC-}
   (You found it on level 4 of the Dungeon)
 w - a ring of stealth (right hand) {Stlth+}
   (You found it on level 4 of the Dungeon)
 H - an amulet of magic regeneration (around neck)
   (You found it on level 7 of the Dungeon)
Wands
 y - a wand of random effects (30)
   (You took it off Eustachio on level 5 of the Dungeon)
 D - a wand of disintegration (6)
   (You found it on level 5 of the Dungeon)
 J - a wand of iceblast (9)
   (You found it on level 10 of the Dungeon)
Scrolls
 i - 8 scrolls of teleportation
 l - 8 scrolls of remove curse
 m - 3 scrolls of fog
 n - a scroll of brand weapon {unknown}
 v - 2 scrolls of noise {!r}
 x - a scroll of magic mapping {!r}
 C - 2 scrolls of blinking {unknown}
 E - a scroll of enchant armour {unknown}
 F - 6 scrolls of identify
 K - a scroll of immolation {unknown}
Potions
 a - 7 potions of curing
 c - a potion of invisibility {unknown}
 f - 2 potions of lignification {!q}
 h - 2 potions of mutation {unknown}
 t - 2 potions of flight
 A - 2 potions of ambrosia {unknown}
 B - 2 potions of agility {unknown}
 O - a potion of experience {unknown}
Books
 P - a manual of Shields {!d}
   (You found it in a bailey)
Miscellaneous
 L - a fan of gales (inert)
   (You found it on level 10 of the Dungeon)
Comestibles
 d - 12 rations


   Skills:
 - Level 2.3 Short Blades
 - Level 2.1 Dodging
 - Level 13.6 Stealth
 + Level 6.5 Spellcasting
 + Level 3.1 Conjurations
 + Level 4.3 Transmutations
 - Level 14.2 Earth Magic
 - Level 2.3 Evocations


You had 8 spell levels left.
You knew the following spells:

 Your Spells              Type           Power        Failure   Level  Hunger
a - Sandblast             Erth           ######       1%          1    None
c - Petrify               Tmut/Erth      #####...     2%          4    ###....
w - Passwall              Tmut/Erth      #####...     1%          2    None
x - Stone Arrow           Conj/Erth      #####.       1%          3    #......
z - Lee's Rapid Deconstr  Erth           ######....   1%          5    #####..

Your spell library contained the following spells:

 Spells                   Type           Power        Failure   Level  Hunger
 Flame Tongue             Conj/Fire      ##...        7%          1    None
 Throw Flame              Conj/Fire      ##....       11%         2    None
 Conjure Flame            Conj/Fire      ##......     21%         3    #......
 Inner Flame              Hex/Fire       #.......     36%         3    #......
 Sticky Flame             Conj/Fire      ##......     56%         4    ###....
 Fireball                 Conj/Fire      ##........   88%         5    #####..


Dungeon Overview and Level Annotations

Branches:
Dungeon (11/15)            Temple (1/1) D:5            Lair (0/6) D:11
    Orc (0/2) D:11

Altars:
Ashenzari
Cheibriados
Dithmenos
Elyvilon
Fedhas
Gozag
Hepliaklqana
Kikubaaqudgha
Makhleb
Nemelex Xobeh
Okawaru
Qazlal
Ru
Sif Muna
Trog
Uskayaw
Vehumet
Wu Jian
Xom
Yredelemnul
Zin
The Shining One

Shops:
D:7 (

Portals:
Ice
Cave: D:11

Annotations:
D:11 exclusion: oklob plant


Innate Abilities, Weirdness & Mutations

You are resistant to damage.
You can heal yourself by infusing magical energy.
You passively map the area around you.
You do not regenerate.


Message History

The wolf howls!
You take 13 damage, and have 37/81 hp.
MP restored: 20 That is presently inert.
Okay, then.
The wolf closely misses you. The polar bear bites you.
The polar bear claws you but does no damage.
The polar bear closely misses you.
You take 1 damage, and have 36/81 hp.
A rock wall.
The wall shatters!
The blast of rock fragments hits the polar bear!!
The blast of rock fragments hits the ice dragon.
You are feeling very hungry.
You hear the steady crackling of a melting archway.
The wolf bites you! The wolf bites you. The polar bear bites you!
* * * LOW HITPOINT WARNING * * *
The polar bear closely misses you.
The polar bear claws you but does no damage.
The ice dragon barely misses you. The ice dragon misses you.
The ice dragon tramples you.
* * * LOW HITPOINT WARNING * * *
You hold your ground!
The wolf bites you. x2
You take 18 damage, and have 18/81 hp.
MASSIVE DAMAGE!!
You now have 15/20 mp.
A rock wall.
The wall shatters!
The blast of rock fragments hits the polar bear!!
The blast of rock fragments hits the ice dragon.
The wolf bites you.
* * * LOW HITPOINT WARNING * * *
The wolf misses you. The polar bear bites you.
* * * LOW HITPOINT WARNING * * *
The polar bear closely misses you. x2; The ice dragon bites you.
The ice dragon barely misses you. The ice dragon misses you.
The wolf bites you.
* * * LOW HITPOINT WARNING * * *
The wolf bites you.
* * * LOW HITPOINT WARNING * * *
You take 13 damage, and have 5/81 hp.
You now have 11/20 mp.
Okay, then.
A rock wall.
The wall shatters!
The blast of rock fragments hits the polar bear!!
You kill the polar bear!
Makhleb accepts your kill.
You feel better.
Your Transmutations skill increases to level 4!
The blast of rock fragments hits the ice dragon.
You are near starving!
The wolf closely misses you. The wolf barely misses you.
The polar bear bites you.
* * * LOW HITPOINT WARNING * * *
The polar bear claws you.
* * * LOW HITPOINT WARNING * * *
The polar bear claws you but does no damage.
The ice dragon closely misses you. The ice dragon claws you!
* * * LOW HITPOINT WARNING * * *
The ice dragon misses you.
You regained 4 hp, and now have 9/81 hp.
You now have 6/20 mp.
Aim: an ice dragon (almost dead, chance to defeat MR: 59%)
Okay, then.
You feel much better. The wolf misses you. The wolf bites you.
The polar bear bites you!
* * * LOW HITPOINT WARNING * * *
The polar bear claws you.
The polar bear claws you but does no damage.
The ice dragon bites you!
* * * LOW HITPOINT WARNING * * *
The ice dragon completely misses you. The ice dragon barely misses you.
The wolf bites you but does no damage. The wolf bites you.
* * * LOW HITPOINT WARNING * * *
You take 3 damage, and have 6/81 hp.
A rock wall.
The wall shatters!
The blast of rock fragments hits the polar bear!
The blast of rock fragments hits the ice dragon!!
You kill the ice dragon!
Makhleb accepts your kill.
You feel better.
Your Conjurations skill increases to level 3!
The wolf bites you.
* * * LOW HITPOINT WARNING * * *
The wolf closely misses you. The polar bear bites you!
* * * LOW HITPOINT WARNING * * *
The polar bear claws you but does no damage.
The polar bear claws you. The wolf barely misses you.
The wolf closely misses you.
You now have 2/20 mp.
Okay, then.
You feel much better. The wolf bites you.
* * * LOW HITPOINT WARNING * * *
The wolf bites you.
* * * LOW HITPOINT WARNING * * *
The polar bear bites you!
* * * LOW HITPOINT WARNING * * *
The polar bear barely misses you. The polar bear claws you.
* * * LOW HITPOINT WARNING * * *
The polar bear bites you!
You die...

************** **,***,*
,,,,,,,,,,,,,* **,** *,*
,,,,,,,,,,,,,* *,## *,*********
,,,,>,,,,,,,,* **.# *,,,,,,,,,,
,,********,,,** *.## ***,,,,,,,,
,,* *,,,,**##..# ***,,,,,,,, ,,*
*,,,,**.Y.## *,,,,,,,,,, ,,*
*,,,,*##h..##*,,,,,*****
,,********,,,,*#@hh..#*,,,,,+,,,,
,,,,,,,,,,,,,,*#hh∩..#*,,,,,*,,,,
,,,,,,,,,,,,,,*#.....#*,,,,,*,,,,
,,,,,,,,,,,,,,*##...##*,,,,,+,,,,
,,,,,,,,**+**########**,,,,,*****
,******,*,,,,#.### *,,,,,,,,,,,
,* *,*,,,,#...# *....,,,,,,, ,*
*,*,,,,#...# *..(#****,,, ,*
*,*,,,,#...# *...# *,,,


You could see 3 polar bears, a yak and 2 wolves.

Vanquished Creatures
  Gastronok (D:8)
  An ice dragon (D:11)
  Fannar (D:10)
  Pikel (D:9)
  An orc knight (Bailey)
  A polar bear (D:11)
  Prince Ribbit (D:5)
  2 hippogriffs
  Eustachio (D:5)
  2 wraiths (D:10)
  8 yaks
  Grum (D:9)
  A hungry ghost (D:7)
  A black bear (D:10)
  14 orc warriors
  An ice beast (D:10)
  2 slaves (D:9)
  A sky beast (D:5)
  2 phantoms
  3 ogres
  A centaur (D:6)
  4 wolves (D:9)
  A crocodile (Sewer)
  6 bullfrogs
  2 scorpions
  A water moccasin skeleton (D:4)
  5 howler monkeys
  7 wights (D:10)
  2 electric eels (D:7)
  2 crimson imps
  A quasit (D:8)
  A jelly (D:5)
  A gnoll shaman (D:10)
  4 centaur skeletons
  4 orc priests
  5 hounds
  9 orc wizards
  3 bullfrog skeletons
  An iron imp (D:5)
  Jessica (D:2)
  2 iguanas
  5 worker ants
  A hound skeleton (D:8)
  A mummy (D:4)
  11 adders
  9 gnolls
  4 shadow imps
  2 oozes
  An adder skeleton (D:6)
  3 worms
  A dart slug (D:2)
  4 leopard geckos
  30 orcs
  4 giant cockroaches
  2 gnoll zombies (D:4)
  10 goblins
  2 hobgoblins
  14 jackals
  3 quokkas
  2 ball pythons
  5 bats
  3 frilled lizards
  A goblin zombie (D:4)
  4 hobgoblin zombies (D:5)
  A jackal skeleton (D:7)
  13 kobolds
  A kobold zombie (D:4)
  2 orc skeletons (D:5)
  A quokka zombie (D:7)
  6 rats
255 creatures vanquished.

Notes
Turn   | Place    | Note
-------+----------+-------------------------------------------
     0 | D:1      | Irenicus the Deep Dwarf Earth Elementalist began the quest
                  | for the Orb.
     0 | D:1      | Reached XP level 1. HP: 15/15 MP: 3/3
   318 | D:1      | Reached skill level 2 in Spellcasting
   339 | D:1      | Found a deep blue altar of Sif Muna.
   421 | D:1      | Reached XP level 2. HP: 19/22 MP: 3/5
   463 | D:1      | Learned a level 2 spell: Passwall
   674 | D:2      | Reached skill level 5 in Earth Magic
   715 | D:2      | Noticed Jessica
   717 | D:2      | Killed Jessica
   717 | D:2      | Reached XP level 3. HP: 24/28 MP: 3/6
   829 | D:2      | Reached skill level 6 in Earth Magic
   829 | D:2      | Reached XP level 4. HP: 20/36 MP: 3/7
   894 | D:2      | Reached skill level 1 in Short Blades
  1051 | D:3      | HP: 7/36 [scorpion (6)]
  1052 | D:3      | Reached skill level 2 in Short Blades
  1052 | D:3      | Reached XP level 5. HP: 9/42 MP: 2/8
  1197 | D:3      | HP: 7/42 [kobold/+0 whip (2)]
  1198 | D:3      | Reached skill level 7 in Earth Magic
  1375 | D:4      | HP: 6/42 [jackal (1)]
  1486 | D:4      | Found a snail-covered altar of Cheibriados.
  1489 | D:4      | Reached XP level 6. HP: 41/49 MP: 5/9
  1493 | D:4      | Reached skill level 8 in Earth Magic
  1594 | D:4      | Found a basalt altar of Yredelemnul.
  1730 | D:4      | Reached skill level 9 in Earth Magic
  1746 | D:4      | Reached XP level 7. HP: 22/55 MP: 1/10
  1867 | D:4      | Reached skill level 10 in Earth Magic
  1964 | D:4      | Found a sand-covered staircase.
  2019 | D:5      | Entered Level 5 of the Dungeon
  2060 | D:5      | Found a glowing golden altar of the Shining One.
  2080 | D:5      | Noticed Prince Ribbit
  2086 | D:5      | Killed Prince Ribbit
  2086 | D:5      | Reached skill level 11 in Earth Magic
  2130 | D:5      | HP: 10/55 [sky beast (4)]
  2137 | D:5      | Found a staircase to the Ecumenical Temple.
  2149 | Temple   | Entered the Ecumenical Temple
  2192 | Temple   | Became a worshipper of Makhleb the Destroyer
  2269 | D:5      | Reached XP level 8. HP: 11/62 MP: 5/11
  2300 | D:5      | Noticed Eustachio
  2310 | D:5      | Found a glowing drain.
  2320 | D:5      | Killed Eustachio
  2320 | D:5      | Reached skill level 12 in Earth Magic
  2328 | Sewer    | Entered a sewer
  2582 | D:5      | Reached skill level 13 in Earth Magic
  3015 | D:6      | Learned a level 5 spell: Lee's Rapid Deconstruction
  3043 | D:6      | Reached * piety under Makhleb
  3098 | D:6      | Reached skill level 3 in Spellcasting
  3226 | D:6      | Reached skill level 4 in Spellcasting
  3263 | D:7      | Noticed a hippogriff
  3270 | D:7      | Killed a hippogriff
  3270 | D:7      | Reached skill level 1 in Transmutations
  3270 | D:7      | Gained mutation: You passively map the area around you.
                  | [Deep Dwarf growth]
  3270 | D:7      | Reached XP level 9. HP: 37/68 MP: 8/15
  3362 | D:7      | Found Toila's Weapon Shoppe.
  3395 | D:7      | Reached skill level 2 in Transmutations
  3513 | D:7      | Reached skill level 5 in Spellcasting
  3513 | D:7      | Reached skill level 3 in Transmutations
  3513 | D:7      | Reached skill level 1 in Evocations
  3521 | D:7      | HP: 17/68 [orc warrior/+0 hand axe (7)]
  3525 | D:7      | HP: 5/68 [orc warrior/+0 hand axe (12)]
  3532 | D:7      | Reached skill level 2 in Evocations
  3769 | D:8      | Learned a level 4 spell: Petrify
  3785 | D:8      | Reached skill level 3 in Stealth
  3812 | D:8      | Reached ** piety under Makhleb
  3822 | D:8      | Reached skill level 4 in Stealth
  3846 | D:8      | Irenicus: ?? gurbling
  3846 | D:8      | beem: I don't have a page labeled gurbling in my learndb.
  3846 | D:8      | Irenicus: ?? gurbling sound
  3846 | D:8      | beem: I don't have a page labeled gurbling_sound in my
                  | learndb.
  3855 | D:8      | Noticed Gastronok
  3900 | D:8      | Reached skill level 5 in Stealth
  4136 | D:8      | Reached skill level 6 in Stealth
  4251 | D:8      | Killed Gastronok
  4251 | D:8      | Reached skill level 10 in Stealth
  4251 | D:8      | Reached XP level 10. HP: 57/75 MP: 0/17
  4289 | D:9      | Reached skill level 11 in Stealth
  4314 | D:9      | Learned a level 3 spell: Stone Arrow
  4479 | D:9      | Noticed Grum
  4490 | D:9      | Killed Grum
  4490 | D:9      | Reached skill level 12 in Stealth
  4525 | D:9      | Noticed Pikel
  4546 | D:9      | Killed Pikel
  4624 | D:10     | Entered Level 10 of the Dungeon
  4657 | D:10     | Reached skill level 13 in Stealth
  4734 | D:10     | Reached *** piety under Makhleb
  4785 | D:10     | Got a shimmering falchion
  4791 | D:10     | Identified the +9 falchion of the Mosquito {flame, rPois
                  | Dex+2} (You found it on level 10 of the Dungeon)
  4819 | D:10     | Reached XP level 11. HP: 73/81 MP: 19/19
  4971 | D:10     | Noticed Fannar
  4978 | D:10     | Killed Fannar
  4978 | D:10     | Reached skill level 6 in Spellcasting
  4978 | D:10     | Reached skill level 14 in Earth Magic
  5183 | D:11     | Found a flagged portal.
  5195 | Bailey   | Entered a bailey
  5260 | Bailey   | Reached skill level 1 in Conjurations
  5327 | Bailey   | Reached **** piety under Makhleb
  5360 | Bailey   | Noticed an orc knight
  5362 | Bailey   | Reached skill level 2 in Conjurations
  5362 | Bailey   | HP: 15/81 [orc knight/+0 halberd (21)]
  5376 | Bailey   | Killed an orc knight
  5413 | D:11     | Found a staircase to the Lair.
  5413 | D:11     | Noticed an oklob plant
  5445 | D:11     | Found a frozen archway.
  5445 | D:11     | Noticed an ice dragon
  5447 | D:11     | HP: 18/81 [ice dragon (4)]
  5448 | D:11     | HP: 5/81 [wolf (4)]
  5449 | D:11     | Reached skill level 4 in Transmutations
  5451 | D:11     | Killed an ice dragon
  5451 | D:11     | Reached skill level 3 in Conjurations
  5452 | D:11     | Slain by a polar bear

Skill      XL: |  1  2  3  4  5  6  7  8  9 10 11 |
---------------+----------------------------------+-----
Spellcasting   | 2 4 5 6 |  6.5
Earth Magic    | 5 6 7 9 11 13 14 | 14.2
Short Blades   | 2 |  2.3
Transmutations | 1 3 4 |  4.3
Evocations     | 2 |  2.3
Stealth        | 10 13 | 13.6
Conjurations   | 3 |  3.1
Dodging        | |  2.1

Action                   |  1- 3 |  4- 6 |  7- 9 | 10-12 || total
-------------------------+-------+-------+-------+-------++-------
Melee: Dagger            |    24 |    43 |    57 |    54 ||   178
       Unarmed           |     1 |       |       |       ||     1
       Short sword       |     4 |       |       |       ||     4
 Cast: Sandblast         |    29 |    65 |   114 |    51 ||   259
       Passwall          |     3 |     6 |    27 |    13 ||    49
       Lee's Rapid Decon |       |       |     5 |    26 ||    31
       Petrify           |       |       |     4 |     6 ||    10
       Stone Arrow       |       |       |       |    18 ||    18
Evoke: Wand              |       |       |     7 |     1 ||     8
       Fan of gales      |       |       |       |     1 ||     1
  Use: Scroll            |     3 |     4 |     5 |     1 ||    13
       Potion            |       |     1 |     5 |     3 ||     9
 Stab: Sleeping          |     3 |     2 |    16 |    14 ||    35
       Petrified         |       |       |     7 |     4 ||    11
       Petrifying        |       |       |       |     1 ||     1
  Eat: Chunk             |       |     4 |     7 |     5 ||    16
       Ration            |       |       |     1 |     2 ||     3
Armor: Leather armour    |    17 |    19 |     4 |    19 ||    59
Dodge: Dodged            |    19 |    48 |    41 |    75 ||   183

Levels and vault maps discovered:
D:1:      kennysheep_arrival_seaside, layout_loops_corners, minmay_hexomino_r4
D:2:      layout_loops_ring, kennysheep_jessica_study
D:3:      layout_basic, first_ration
D:4:      layout_layer_cave, lemuel_zombie_altar_yredelemnul,
          nicolae_ossuary_entry_giza, cheibriados_altar_1
D:5:      layout_loops_ring, temple_hall, cheibrodos_sewer_entry_sluice,
          grunt_ministairs_2, nicolae_tso_besieged_by_evil, uniq_prince_ribbit1,
          uniq_eustachio
D:6:      layout_basic
D:7:      layout_loops_ring, serial_bayou, serial_bayou_lagoon_b,
          serial_bayou_crossing, serial_bayou_lagoon_a, serial_bayou_ford_a,
          serial_shops, shop_fountains
D:8:      layout_loops_ring, uniq_gastronok
D:9:      layout_roguey, uniq_grum, uniq_pikel
D:10:     layout_basic, uniq_fannar
D:11:     layout_irregular_city, dpeg_oklobed_lair, orc_0_dummy,
          portal_ice_cave_entry_animals_and_master, enter_bailey_3, uniq_sonja
Temple:   kilobyte_greek_temple
Sewer:    sewer_the_crocodile
Bailey:   bailey_polearm_2, bailey

Table legend:
 A = Turns spent in this place as a percentage of turns spent in the entire game.
 B = Non-inter-level travel turns spent in this place as a percentage of non-inter-level travel turns spent in the entire game.
 C = Inter-level travel turns spent in this place as a percentage of turns spent in this place.
 D = Turns resting spent in this place as a percentage of non-inter-level travel turns spent in this place.
 E = Turns spent auto-exploring this place as a percentage of non-inter-level travel turns spent in this place.
 F = Non-inter-level travel turns spent in this place divided by the number of levels of this place that you've seen.
                   A       B       C       D       E      F
               +-------+-------+-------+-------+-------+----------------------
         Total | 100.0 | 100.0 |   0.0 |   0.0 |   0.0 | 389.4
       Dungeon |  92.6 |  92.6 |   0.0 |   0.0 |   0.0 | 459.2
        Temple |   1.6 |   1.6 |   0.0 |   0.0 |   0.0 |  86.0
         Sewer |   2.1 |   2.1 |   0.0 |   0.0 |   0.0 | 112.0
        Bailey |   3.7 |   3.7 |   0.0 |   0.0 |   0.0 | 203.0
               +-------+-------+-------+-------+-------+----------------------

Table legend:
 A = Kills in this place as a percentage of kills in entire the game.
 B = Kills by you in this place as a percentage of kills by you in the entire game.
 C = Kills by friends in this place as a percentage of kills by friends in the entire game.
 D = Other kills in this place as a percentage of other kills in the entire game.
 E = Experience gained in this place as a percentage of experience gained in the entire game.
 F = Experience gained in this place divided by the number of levels of this place that you have seen.
                   A       B       C       D       E      F
               +-------+-------+-------+-------+-------+----------------------
         Total | 100.0 | 100.0 |   N/A |   N/A | 100.0 | 1191.1
       Dungeon |  87.7 |  87.7 |   N/A |   N/A |  87.1 | 1320.7
         Sewer |   2.4 |   2.4 |   N/A |   N/A |   0.7 | 117.0
        Bailey |   9.9 |   9.9 |   N/A |   N/A |  12.2 | 2030.0
               +-------+-------+-------+-------+-------+----------------------
